 Dungeon Crawl Stone Soup version 0.29-a0-8-g0446c0dae4 (webtiles) character file.

Game seed: 5286024800046697250

9541 robertstho the Thaumaturge (level 11, -3/56 HPs)
             Began as a Spriggan Conjurer on Jan 27, 2022.
             Was an Elder of Sif Muna.
             Slain by a hell knight (13 damage)
             ... in a volcano.
             The game lasted 00:45:26 (15048 turns).

robertstho the Thaumaturge (Spriggan Conjurer)     Turns: 15048, Time: 00:45:28

Health: -3/56      AC: 13    Str:  3    XL:     11   Next: 24%
Magic:  14/27      EV: 20    Int: 24    God:    Sif Muna [****..]
Gold:   90         SH:  0    Dex: 14    Spells: 18/32 levels left

rFire   + . .      SeeInvis +   o - +9 lance "Wyrmbane" {slay drac, rPois rF+ rC+ AC+3}
rCold   + . .      Faith    .   (no shield)
rNeg    . . .      Spirit   .   A - +0 steam dragon scales
rPois   +          Reflect  .   (helmet restricted)
rElec   .          Harm     .   a - +0 cloak
rCorr   .          Rampage  .   (gloves unavailable)
Will    +....                   (boots unavailable)
Stlth   +++++.....              (no amulet)
HPRegen 0.18/turn               f - +4 ring of protection
MPRegen 0.20/turn               i - ring of flight

@: flying, very quick
A: very small, no large weapons, unfitting armour, see invisible, speed 3
a: Renounce Religion, Channel Magic, Forget Spell, Divine Exegesis


You were in a volcano.
You worshipped Sif Muna.
Sif Muna was greatly pleased with you.
You visited 3 branches of the dungeon, and saw 12 of its levels.
You also visited: Ossuary, Bailey and Volcano.

You collected 569 gold pieces.
You spent 479 gold pieces at shops.

Inventory:

Hand Weapons
 b - a +0 dagger
 o - the +9 lance "Wyrmbane" (weapon) {slay drac, rPois rF+ rC+ AC+3}
   (You took it off Maggie on level 6 of the Dungeon)

   It inflicts extra damage against dragons and draconians.
   AC:        It affects your AC (+3).
   rF:        It protects you from fire.
   rC:        It protects you from cold.
   rPois:     It protects you from poison.
 q - a +1 short sword of venom
 B - a +2 vorpal falchion
Missiles
 k - a throwing net
Armour
 a - a +0 cloak (worn)
 A - +0 steam dragon scales (worn)
Magical Staves
 D - a staff of fire
Jewellery
 f - a +4 ring of protection (left hand)
 i - a ring of flight (right hand)
 w - a ring of poison resistance
 F - an amulet of guardian spirit
Wands
 u - a wand of mindburst (13)
 y - a wand of paralysis (4)
Scrolls
 d - a scroll of holy word
 e - a scroll of enchant weapon
 g - a scroll of summoning
 j - 2 scrolls of immolation
 l - a scroll of silence
 n - a scroll of brand weapon
 t - 6 scrolls of teleportation
 z - a scroll of fog
 E - a scroll of amnesia
Potions
 c - 2 potions of mutation
 m - 2 potions of attraction
 p - 2 potions of resistance
 r - 5 potions of lignification
 v - a potion of curing
 x - 4 potions of haste
 C - 2 potions of might
 G - a potion of brilliance


   Skills:
 * Level 5.4 Fighting
 + Level 2.6 Short Blades
 + Level 4.2 Polearms
 + Level 7.3 Dodging
 * Level 10.6 Stealth
 * Level 11.3 Spellcasting
 + Level 5.2 Conjurations
 + Level 1.5 Hexes
 + Level 1.3 Translocations
 * Level 5.9 Invocations
 + Level 0.8 Evocations


You had 18 spell levels left.
You knew the following spells:

 Your Spells              Type           Power      Damage    Failure   Level
a - Magic Dart            Conj           100%       1d8       1%          1
b - Searing Ray           Conj           76%        2d7       1%          2
c - Dazzling Flash        Conj/Hex       58%        N/A       3%          3
d - Fulminant Prism       Conj/Hex       14%        3d9       12%         4
e - Iskenderun's Mystic   Conj/Tloc      29%        2d7       12%         4

Your spell library contained the following spells:

 Spells                   Type           Power      Damage    Failure   Level
 Slow                     Hex            80%        N/A       2%          1
 Freeze                   Ice            52%        1d7       4%          1
 Sublimation of Blood     Necr           13%        N/A       7%          2
 Wereblood                Tmut           13%        N/A       7%          2
 Confusing Touch          Hex            20%        N/A       8%          3
 Frozen Ramparts          Ice            26%        1d4       14%         3
 Vampiric Draining        Necr           13%        2d6       14%         3
 Hailstorm                Conj/Ice       26%        3d7       16%         4
 Petrify                  Tmut/Erth      13%        N/A       41%         4
 Irradiate                Conj/Tmut      13%        3d18      41%         5
 Metabolic Englaciation   Hex/Ice        8%         N/A       67%         5
 Statue Form              Tmut/Erth      8%         N/A       100%        6
 Summon Hydra             Summ           6%         N/A       100%        7


Dungeon Overview and Level Annotations

Branches:
Dungeon (10/15)            Temple (1/1) D:5            Lair (1/6) D:9
Ossuary (visited)          Bailey (visited)         Volcano (1/1)
    Orc: D:9-12

Altars:
Ashenzari
Elyvilon
Hepliaklqana
Kikubaaqudgha
Makhleb
Okawaru
Qazlal
Sif Muna
Trog
Uskayaw
Wu Jian
Xom
Yredelemnul
The Shining One
Ignis

Shops:
D:2 !?[   D:3 *([   D:8 [   D:9 =   D:10 (

Annotations:
D:2 159 robes x 2 scroll shop


Innate Abilities, Weirdness & Mutations

You are very small and have problems with some larger weapons.
You are too small for most types of armour.
You have supernaturally acute eyesight. (SInv)
You cover ground extremely quickly. (Speed+++)


Message History

The blast of energy engulfs the hell knight!!
The hell knight is severely wounded.
You hit the hell knight.
The hell knight is severely wounded.
The hell knight hits you but does no damage.
You closely miss the hell knight.
The hell knight is severely wounded.
The hell knight misses you.
You hit the hell knight.
The hell knight is severely wounded.
The hell knight casts a spell at you. The bolt of fire hits you! You resist.
You hit the hell knight but do no damage.
The hell knight is severely wounded.
The hell knight casts a spell.
The hell knight blinks!
Unknown command.
You start resting.
The air gets thick with the scent of sulphur.
You start resting.
A hell knight is nearby!
You hit the hell knight but do no damage.
The hell knight is severely wounded.
The hell knight casts a spell.
The hell knight seems to speed up.
You hit the hell knight.
The hell knight is severely wounded.
In the distance, the volcano erupts with a roar.
The hell knight closely misses you.
You hit the hell knight.
The hell knight is severely wounded.
The hell knight closely misses you.
You hit the hell knight.
The hell knight is almost dead.
The hell knight hits you with a +0 broad axe of flaming!
* * * LOW HITPOINT WARNING * * *
The hell knight burns you.
* * * LOW HITPOINT WARNING * * *
The hell knight hits you with a +0 broad axe of flaming!
You die...

##≈§##
##≈§§≈#
#).§≈○#
##..$§§##
#[[.!§§§#
#.!$∩*§§#
####..§##
#p#### #
##@## #.#
###.#
#...#...#
........#
.≈§≈....##
§≈≈§≈....###
§§≈§≈§.....#
§≈≈§≈≈≈....#
§§≈≈≈≈≈....##


You could see a hell knight (fast).

Vanquished Creatures
  A hydra (Lair:1)
  A two-headed ogre (D:8)
  Pikel (D:5)
  A manticore (D:10)
  Maggie (D:6)
  Psyche (D:8)
  A cane toad (Lair:1)
  Sigmund (D:2)
  A vampire (D:10)
  A wyvern (D:4)
  2 wraiths
  8 yaks
  3 fire bats (Lair:1)
  Duvessa (D:7)
  A water moccasin (D:7)
  5 orc warriors
  2 black bears (D:9)
  A centaur (D:6)
  2 lemures (D:5)
  10 kobold brigands
  A bullfrog (D:8)
  Blork the orc (D:4)
  A wyvern zombie (D:8)
  A water moccasin zombie (Ossuary)
  Dowan (D:7)
  A water moccasin skeleton (D:6)
  10 killer bees
  10 wights (D:9)
  3 centaur zombies
  2 bullfrog zombies
  5 orc priests
  A centaur skeleton (D:6)
  Crazy Yiuf (D:5)
  A bullfrog skeleton (D:4)
  4 jellies
  A gnoll shaman (D:6)
  3 iguanas (D:6)
  7 orc wizards
  A scorpion zombie (D:5)
  2 mummies (Ossuary)
  A howler monkey zombie (D:10)
  5 adders
  4 gnolls
  A howler monkey skeleton (D:6)
  2 ufetubi (D:6)
  4 adder zombies (Ossuary)
  A worm (D:4)
  22 orcs
  7 ball pythons
  7 bats
  6 endoplasms
  3 giant cockroaches
  4 gnoll zombies (Ossuary)
  10 goblins
  7 hobgoblins
  3 jackals (D:3)
  2 quokkas
  A frilled lizard (D:1)
  6 hobgoblin zombies (Ossuary)
  31 kobolds
  6 kobold zombies (Ossuary)
  2 orc zombies (Ossuary)
  A rat (D:2)
238 creatures vanquished.

Vanquished Creatures (others)
  30 fulminant prisms
  11 plants
  4 withered plants (D:5)
45 creatures vanquished.

Grand Total: 283 creatures vanquished

Notes
Turn   | Place    | Note
-------+----------+-------------------------------------------
     0 | D:1      | robertstho the Spriggan Conjurer began the quest for the
                  | Orb.
     0 | D:1      | Reached XP level 1. HP: 9/9 MP: 5/5
   364 | D:1      | Reached XP level 2. HP: 13/13 MP: 2/6
   609 | D:1      | Learned a level 2 spell: Searing Ray
  1088 | D:1      | Reached skill level 3 in Spellcasting
  1636 | D:2      | Reached XP level 3. HP: 17/17 MP: 4/8
  1705 | D:2      | Found Zelet's Antique Armour Shop.
  2068 | D:2      | Found Avechol's Magic Scroll Emporium.
  2211 | D:2      | Found a faded altar of an unknown god.
  2214 | D:2      | Found Utua's Distillery.
  2286 | D:2      | Noticed Sigmund
  2305 | D:2      | Killed Sigmund
  2306 | D:2      | Reached skill level 1 in Fighting
  2306 | D:2      | Reached skill level 1 in Short Blades
  2306 | D:2      | Reached skill level 4 in Spellcasting
  2306 | D:2      | Reached XP level 4. HP: 17/22 MP: 0/11
  2306 | D:2      | Reached XP level 5. HP: 20/25 MP: 0/12
  2771 | D:3      | Found Erghuf's Weapon Boutique.
  2885 | D:3      | Found Ybyann's Assorted Antiques.
  3316 | D:3      | Found an iron altar of Okawaru.
  3316 | D:3      | Found a glowing golden altar of the Shining One.
  3611 | D:3      | Found Hoohamni's Antique Armour Shoppe.
  3670 | D:2      | Bought a scroll of identify for 26 gold pieces
  3728 | D:4      | Noticed a wyvern
  3733 | D:4      | Killed a wyvern
  3734 | D:4      | Reached skill level 5 in Stealth
  3734 | D:4      | Reached skill level 5 in Spellcasting
  3734 | D:4      | Reached XP level 6. HP: 24/30 MP: 5/14
  4295 | D:4      | Noticed Blork the orc
  4301 | D:4      | Killed Blork the orc
  4469 | D:2      | Bought a scroll of identify for 26 gold pieces
  4469 | D:2      | Bought a scroll of identify for 26 gold pieces
  4521 | D:5      | Entered Level 5 of the Dungeon
  4578 | D:5      | Found a staircase to the Ecumenical Temple.
  4614 | Temple   | Entered the Ecumenical Temple
  4626 | Temple   | Became a worshipper of Sif Muna the Loreminder
  4650 | D:5      | Found a basalt altar of Yredelemnul.
  4661 | D:5      | Found a sand-covered staircase.
  4667 | D:5      | Noticed Pikel
  4670 | Ossuary  | Entered an ossuary
  4789 | Ossuary  | Reached XP level 7. HP: 35/35 MP: 11/16
  5037 | Ossuary  | Learned a level 3 spell: Dazzling Flash
  5042 | Ossuary  | Learned a level 4 spell: Fulminant Prism
  5047 | Ossuary  | Learned a level 4 spell: Iskenderun's Mystic Blast
  5317 | Ossuary  | Reached * piety under Sif Muna
  5775 | D:4      | Reached skill level 6 in Spellcasting
  6165 | D:5      | Killed Pikel
  6166 | D:5      | Reached skill level 7 in Spellcasting
  6166 | D:5      | Reached skill level 1 in Invocations
  6166 | D:5      | Reached XP level 8. HP: 39/39 MP: 10/20
  6589 | D:5      | Identified the +3 ring mail of Moch {Str+5 Dex-2}
  6728 | D:5      | Found a runed translucent door.
  6729 | D:5      | Noticed Crazy Yiuf
  6736 | D:5      | Killed Crazy Yiuf
  7310 | D:6      | Reached skill level 8 in Spellcasting
  7454 | D:6      | Found a stormy altar of Qazlal.
  7781 | D:2      | Bought a potion of might for 44 gold pieces
  7781 | D:2      | Bought a potion of lignification for 33 gold pieces
  7781 | D:2      | Bought a potion of heal wounds for 55 gold pieces
  7947 | D:7      | Noticed Maggie
  7953 | D:6      | Reached skill level 5 in Dodging
  8077 | D:6      | Reached XP level 9. HP: 34/44 MP: 0/22
  8252 | D:7      | HP: 2/44 [Maggie/bolt of fire (22)]
  9087 | D:6      | Killed Maggie
  9273 | D:7      | Reached skill level 9 in Spellcasting
  9409 | D:7      | Reached skill level 1 in Polearms
  9459 | D:7      | Found a hide-covered altar of Uskayaw.
  9569 | D:7      | Found a white marble altar of Elyvilon.
  9580 | D:7      | Reached ** piety under Sif Muna
  9584 | D:7      | Noticed Dowan
  9586 | D:7      | Noticed Duvessa
  9608 | D:7      | Killed Duvessa
  9614 | D:7      | Killed Dowan
  9871 | D:8      | Found Rohiot's Antique Armour Boutique.
  9937 | D:8      | Found a flagged portal.
  9952 | Bailey   | Entered a bailey
 10184 | Bailey   | Found a burning altar of Makhleb.
 10453 | D:8      | Found an ancient bone altar of Kikubaaqudgha.
 10468 | D:8      | Found a hazy altar of Hepliaklqana.
 10476 | D:8      | Noticed a two-headed ogre
 10666 | D:8      | Noticed Psyche
 10673 | D:8      | Reached skill level 5 in Conjurations
 10684 | D:8      | Killed Psyche
 10806 | D:9      | Reached XP level 10. HP: 26/51 MP: 20/24
 11089 | D:9      | Found a bloodstained altar of Trog.
 11116 | D:9      | Reached skill level 10 in Spellcasting
 11253 | D:9      | Found Selebopp's Jewellery Shop.
 11299 | D:9      | Reached *** piety under Sif Muna
 11610 | D:8      | Killed a two-headed ogre
 12359 | D:8      | Reached skill level 5 in Invocations
 12738 | D:2      | Bought a potion of haste for 110 gold pieces
 12869 | D:10     | Entered Level 10 of the Dungeon
 12883 | D:10     | Noticed a manticore
 13045 | D:9      | Reached skill level 10 in Stealth
 13198 | D:9      | Found a staircase to the Lair.
 13455 | D:10     | Found Ekaceuck's Weapon Shop.
 13498 | D:10     | Reached skill level 5 in Fighting
 13535 | D:10     | Killed a manticore
 13536 | D:10     | Reached skill level 1 in Hexes
 13536 | D:10     | Reached skill level 1 in Translocations
 13716 | D:10     | Reached **** piety under Sif Muna
 13717 | D:10     | Reached XP level 11. HP: 33/55 MP: 2/26
 14414 | D:10     | Found a burning altar of Makhleb.
 14564 | D:2      | Bought a sheer robe for 159 gold pieces
 14564 | D:2      | Identified the +0 robe of the Vestibule of Hell {Dex+2}
                  | (You bought it in a shop on level 2 of the Dungeon)
 14650 | Lair:1   | Entered Level 1 of the Lair of Beasts
 14662 | Lair:1   | Noticed a six-headed hydra
 14664 | Lair:1   | Reached skill level 11 in Spellcasting
 14673 | Lair:1   | Killed a six-headed hydra
 14945 | Lair:1   | Found a dark tunnel.
 14954 | Volcano  | Entered a volcano
 15026 | Volcano  | Noticed a hell knight
 15048 | Volcano  | Slain by a hell knight

Illustrated notes

Levels and vault maps discovered:
D:1:      dpeg_arrival_round_a, layout_loops_ring, fountainhead, minivault_4,
          item_on_display_b
D:2:      layout_loops_corners, serial_shops, nicolae_shop_trees,
          nicolae_shop_trees, shop, basic_ecumenical_altar, uniq_sigmund
D:3:      layout_loops_cross, amethyst_overflow_temple_binary, serial_shops,
          nicolae_shop_hallway_plus, shop, nicolae_shop_waterfront
D:4:      layout_rooms, uniq_blork_the_orc
D:5:      layout_rooms, yredelemnul_altar_generic, temple_pool_b,
          nicolae_ossuary_entry_monument, sigmund_army, uniq_crazy_yiuf_cottage,
          uniq_pikel
D:6:      layout_rooms, kennysheep_mini
D:7:      layout_rooms, elyvilon_altar_3, mainiacjoe_overflow_six_doors_small,
          uniq_maggie, uniq_duvessa
D:8:      layout_cave_pools, marbit_many_paths,
          nicolae_hepliaklqana_hazy_memory, serial_shops, shop_coins,
          enter_bailey_5, uniq_psyche
D:9:      layout_loops_ring, trog_ov_bears_minmay, lair_entry_dummy,
          serial_shops, nicolae_shop_stone
D:10:     layout_rooms, lightli_temple_of_fire, serial_shops,
          nicolae_shop_bloodbath_and_beyond, amcnicky_mini_rare_corridor_liquid
Temple:   ebering_untended_altars
Lair:1:   layout_hall_layers, nicolae_volcano_entry_batcave
Volcano:  volcano_pools

Skill      XL: |  1  2  3  4  5  6  7  8  9 10 11 |
---------------+----------------------------------+-----
Conjurations   | 3 4 5 |  5.2
Spellcasting   | 3 4 5 7 8 9 10 11 | 11.3
Fighting       | 1 2 3 4 5 |  5.4
Short Blades   | 1 2 |  2.6
Dodging        | 3 4 5 6 7 |  7.3
Stealth        | 4 5 6 7 9 10 | 10.6
Invocations    | 1 3 4 5 |  5.9
Polearms       | 2 4 |  4.2
Hexes          | 1 |  1.5
Translocations | 1 |  1.3
Evocations     | |  0.8

Action                   |  1- 3 |  4- 6 |  7- 9 | 10-12 || total
-------------------------+-------+-------+-------+-------++-------
Melee: Dagger            |    30 |    10 |       |       ||    40
       Punch             |     1 |       |     3 |     3 ||     7
       Short sword       |       |    29 |    63 |       ||    92
       Lance             |       |       |    94 |   104 ||   198
 Cast: Magic Dart        |    49 |    28 |    52 |     7 ||   136
       Searing Ray       |     9 |    16 |    90 |    39 ||   154
       Dazzling Flash    |       |       |    13 |       ||    13
       Iskenderun's Myst |       |       |     1 |     9 ||    10
       Fulminant Prism   |       |       |       |    30 ||    30
Invok: Channel Magic     |       |       |       |     1 ||     1
Evoke: Wand              |       |       |     4 |     3 ||     7
  Use: Potion            |     3 |     1 |     8 |     4 ||    16
       Scroll            |       |     4 |     4 |     9 ||    17
 Stab: Sleeping          |     4 |     4 |     2 |     1 ||    11
Armor: Robe              |     9 |     8 |    36 |       ||    53
       Skin              |       |       |    18 |       ||    18
       Steam dragon scal |       |       |    15 |    46 ||    61
Dodge: Dodged            |    46 |    42 |   288 |   154 ||   530

Table legend: (Time is in decaauts)
 A = Elapsed time spent in this place.
 B = Non-inter-level travel time spent in this place.
 C = Inter-level travel time spent in this place.
 D = Time resting spent in this place.
 E = Time spent auto-exploring this place.
 F = Levels seen in this place.
 G = Mean time per level.
                   A        B        C        D        E       F      G
               +--------+--------+--------+--------+--------+-----+--------+
         Total |  12298 |  11517 |    781 |   3650 |   5757 |  15 |  819.9 |
       Dungeon |  10597 |   9816 |    781 |   2865 |   5250 |  10 | 1059.7 |
        Temple |    221 |    221 |      0 |    186 |      0 |   1 |  221.0 |
          Lair |    232 |    232 |      0 |      3 |     95 |   1 |  232.0 |
       Ossuary |    746 |    746 |      0 |    396 |    239 |   1 |  746.0 |
        Bailey |    419 |    419 |      0 |    198 |    111 |   1 |  419.0 |
       Volcano |     81 |     81 |      0 |      1 |     60 |   1 |   81.0 |
               +--------+--------+--------+--------+--------+-----+--------+

Top non-repeatable levels by time:
     D:6: 1497 daAuts
     D:5: 1463 daAuts
     D:9: 1231 daAuts
     D:1: 1175 daAuts
     D:8: 1160 daAuts
     D:2: 1030 daAuts
    D:10: 880 daAuts
     D:4: 784 daAuts
 Ossuary: 746 daAuts
     D:3: 736 daAuts
     D:7: 637 daAuts
  Bailey: 419 daAuts
  Lair:1: 232 daAuts
  Temple: 221 daAuts
 Volcano: 81 daAuts
